bob the scutter, neutral male scurrid Tourist --------------------------------------------------------------------------- |.........................................................................| |................................?........................................| |........................................?................................| |............%............................................................| |................?...............................<........................| |...........................................).............................| |........................)................[...............................| |..................................`........................?.............| |.........................................................................| |......................................>...................[..............| |.....................[..!................................................| |.........................................................................| |......................[..i...............................................| |........................f@........................................[......| |.................)........................[....................?.........| |............+............................................................| --------------------------------------------------------------------------- bob the scutter the Rambler Experience level: 1 Strength: 8 Dexterity: 14 Constitution: 14 Intelligence: 15 Wisdom: 9 Charisma: 15 Health: 0(13) Energy: 2(2) Def: 0 Gold: 261 Moves: 85 Dungeon seed: mWJFZ5gBj6v_wOOZ Game ID: bob the scutter_1528901732 Your Inventory: Coins $ - 261 gold pieces Weapons a - 52 uncursed +2 darts (in quiver) Armor e - an uncursed +0 Hawaiian shirt (being worn) Comestibles b - 6 uncursed food rations c - an uncursed tin of newt meat d - an uncursed pear f - an uncursed lembas wafer g - an uncursed fortune cookie h - 2 uncursed carrots Scrolls j - 3 uncursed scrolls of magic mapping k - a blessed scroll of magic mapping Rings p - an uncursed ring of fire resistance Wands n - an uncursed wand of secret door detection (0:11) Tools l - an uncursed expensive camera (0:30) m - an uncursed credit card o - an uncursed tin opener Spells and supernatural/magical abilities: Name Level Category Fail Memory W - pray for help -- divine ? -- Your skills at the end: Miscellaneous Skills wands [Basic] Weapon Skills dart [Basic] Spellcasting Skills Final Attributes: You were devoutly aligned. You had infravision. You were very stealthy. You are dead. Vanquished creatures: a jackal Voluntary challenges: You went without food. You did not adorn yourself with jewelry or accessories. You did not cause conflict. You were not invisible. You did not have reflection. You were not displaced. You were an atheist. You never hit with a wielded weapon. You were a pacifist. You did not use containers. You did not apply a unicorn horn. You did not use plumbed fixtures. You were illiterate. You never genocided any monsters. You never polymorphed an object. You never changed form. You used no wishes. You never split a pudding. You never wrote Elbereth's name. You never violated your personal moral code. Dungeon overview: The Dungeons of Doom: levels 1 to 13 Level 1 a long staircase Level 2 Level 3 Level 4 a fountain Level 5 Level 6 Level 7 Level 8 Level 9 Level 10 Level 11 Level 12 Level 13 <- You were here History has recorded: On T:1 you entered the Dungeons of Doom to retrieve the Amulet of Yendor! On T:9 you reached level 2 of The Dungeons of Doom. On T:15 you reached level 3 of The Dungeons of Doom. On T:17 you reached level 4 of The Dungeons of Doom. On T:28 you reached level 5 of The Dungeons of Doom. On T:34 you reached level 6 of The Dungeons of Doom. On T:40 you reached level 7 of The Dungeons of Doom. On T:44 you reached level 8 of The Dungeons of Doom. On T:52 you reached level 9 of The Dungeons of Doom. On T:58 you reached level 10 of The Dungeons of Doom. On T:67 you reached level 11 of The Dungeons of Doom. On T:73 you reached level 12 of The Dungeons of Doom. On T:79 you reached level 13 of The Dungeons of Doom. Score breakdown: Gold: 0 ( 0 points) Experience: 1 level ( 0 points) Exploration: 13 levels ( 360 points) Discoveries: 2 items ( 100 points) Variety of kills: 1 monster ( 50 points) Major goal: (nothing yet) ( 0 points) Survival: died (score multiplied by 3) Total score: 1530 Latest messages: You continue digging downward. (2x) You hear the splashing of a naiad. You continue digging downward. (4x) You dig a hole through the floor. You fall through... You receive a faint telepathic message from Twoflower: Your help is urgently needed at Ankh-Morpork! Look for a ...ic transporter. You couldn't quite make out that last message. You start digging downward. The coyote is almost hit by a dart! You continue digging downward. You dig a pit in the floor. You continue digging downward. (3x) The imp claws you! You continue digging downward. The imp claws you! You continue digging downward. The jaguar claws you! (2x) The jaguar bites! The imp claws you! You die... Final status: Aloha bob the scutter the Tourist, killed by an imp... You died in The Dungeons of Doom on dungeon level 13 with 1530 points, and 261 pieces of gold, after 85 moves. You were level 1 with a maximum of 13 hit points when you died.